 Dungeon Crawl Stone Soup version 0.30-a0-989-g0d87f670db (webtiles) character file.

Game seed: 11691685903009628009

364 Dirtsage the Ruffian (level 6, -2/47 HPs)
             Began as a Demonspawn Fighter on Apr 3, 2023.
             Slain by a lemure (6 damage)
             ... led by Pikel
             ... on level 4 of the Dungeon.
             The game lasted 00:04:28 (2625 turns).

Dirtsage the Ruffian (Demonspawn Fighter)           Turns: 2625, Time: 00:04:29

Health: -2/47      AC: 11    Str: 18    XL:     6   Next: 39%
Magic:  6/6        EV: 10    Int: 10    God:
Gold:   207        SH:  4    Dex: 12    Spells: 5/5 levels left

rFire   . . .      SeeInvis .      - Unarmed
rCold   . . .      Faith    .    c - +0 buckler
rNeg    + . .      Spirit   .    d - +4 ring mail {rN+}
rPois   .          Reflect  .    s - +1 hat
rElec   .          Rampage  .    l - +0 cloak
rCorr   .                        (no gloves)
Will    .....                    (no boots)
Stlth   +                        (no amulet)
HPRegen 0.27/turn                h - ring of flight
MPRegen 0.10/turn                (no ring)

@: flying
A: claws 1, hooves 1, powered by death 2
a: no special abilities


You were on level 4 of the Dungeon.
You visited 1 branch of the dungeon, and saw 4 of its levels.

You collected 207 gold pieces.

Inventory:

Armour
 b - a +0 scale mail
 c - a +0 buckler (worn)
 d - a +4 ring mail of positive energy (worn)
 l - a +0 cloak (worn)
 s - a +1 hat (worn)
Jewellery
 h - a ring of flight (left claw)
 N - a ring of positive energy
Scrolls
 a - a scroll of identify {unknown}
 i - a scroll of enchant weapon {unknown}
 n - a scroll of fear {unknown}
 q - a scroll of torment {unknown}
 r - 2 scrolls of blinking {unknown}
 t - a scroll of teleportation {unknown}
Potions
 e - 3 potions of mutation {unknown}
 f - 2 potions of lignification {unknown}
 g - a potion of magic {unknown}
 j - 2 potions of haste {unknown}
 k - a potion of heal wounds {unknown}
 m - a potion of resistance {unknown}
 o - 2 potions of curing {unknown}
 p - 2 potions of ambrosia {unknown}


   Skills:
 - Level 3.0 Fighting
 - Level 3.2 Axes
 - Level 2.6 Armour
 - Level 2.6 Shields
 * Level 5.2 Unarmed Combat


You had 5 spell levels left.
You didn't know any spells.
Your spell library contained the following spells:

 Spells                   Type           Power      Damage    Failure   Level
 Sandblast                Erth           0%         2d4       65%         1
 Lesser Beckoning         Tloc           0%         N/A       80%         2
 Passwall                 Tmut/Erth      0%         N/A       80%         2
 Sublimation of Blood     Necr           0%         N/A       80%         2
 Gell's Gravitas          Tloc           0%         N/A       95%         3
 Stone Arrow              Conj/Erth      0%         3d7       95%         3
 Teleport Other           Tloc           0%         N/A       95%         3
 Petrify                  Tmut/Erth      0%         N/A       100%        4
 Irradiate                Conj/Tmut      0%         3d11      100%        5


Dungeon Overview and Level Annotations

Branches:
Dungeon (4/15)
 Temple: D:4-7

Altars:

Shops:
D:4 ?[[:

Annotations:
D:4 Pikel


Innate Abilities, Weirdness & Mutations

You have sharp fingernails.
You have large cloven feet.
You regenerate health from kills.


Message History

An orc wizard comes into view. It is wielding a +0 dagger.
You take 1 damage, and have 28/47 hp.
You scratch Pikel but do no damage.
Pikel is heavily wounded.
Pikel barely misses you. The lemure hits you.
You take 4 damage, and have 24/47 hp.
You closely miss Pikel. You kick Pikel.
Pikel is heavily wounded.
Pikel hits you with a +1 whip of freezing.
Pikel freezes you.
An orc comes into view. It is wielding a +0 mace.
You block the lemure's attack.
You take 5 damage, and have 19/47 hp.
You scratch Pikel but do no damage.
Pikel is heavily wounded.
Pikel hits you but does no damage.
A hobgoblin comes into view.
The lemure hits you but does no damage. x2
The hobgoblin shouts!
You scratch Pikel but do no damage.
Pikel is heavily wounded.
Pikel barely misses you. The lemure closely misses you.
The lemure barely misses you.
You miss Pikel.
Pikel is heavily wounded.
Pikel hits you with a +1 whip of freezing!
* * * LOW HITPOINT WARNING * * *
Pikel freezes you.
* * * LOW HITPOINT WARNING * * *
The lemure hits you but does no damage. The lemure hits you.
* * * LOW HITPOINT WARNING * * *
You take 9 damage, and have 10/47 hp.
You claw Pikel! You kick Pikel, but do no damage.
Pikel is severely wounded.
Pikel hits you with a +1 whip of freezing.
* * * LOW HITPOINT WARNING * * *
Pikel freezes you.
* * * LOW HITPOINT WARNING * * *
The lemure hits you but does no damage. The lemure hits you.
You die...

.....^........#
.......######.##.# ..#
#......#.....
#######.###......##....
.......##.......##....
.ogo................)
##o♣o♣.♣.♣.....##....
#.5K55∩.⌠..#....#....
#..♣@♣.♣.♣.#....#....
#...∩.⌠.∩...........#
#....♣.♣.♣.♣..........#
###...⌠.∩.⌠)..........#
#./♣.♣.♣.♣.#......#.#
#............♣♣♣♣♣♣♣#
#...........♣♣
#.........##♣ ♣
...##......# ♣♣


You could see Pikel, 3 lemures, an orc wizard, 3 orcs and a hobgoblin.

Vanquished Creatures
  Edmund (D:4)
  A black bear (D:4)
  A hound zombie (D:4)
  3 gnolls (D:2)
  4 adders
  An ufetubus (D:4)
  3 worms (D:2)
  4 dart slugs
  3 orcs
  5 endoplasms
  A giant cockroach (D:3)
  4 goblins
  4 hobgoblins
  4 jackals (D:3)
  2 quokkas (D:1)
  6 ball pythons
  2 bats (D:2)
  2 frilled lizards (D:2)
  5 kobolds
  4 rats
60 creatures vanquished.

Vanquished Creatures (others)
  21 withered plants (D:4)
21 creatures vanquished.

Grand Total: 81 creatures vanquished

Notes
Turn   | Place    | Note
-------+----------+-------------------------------------------
     0 | D:1      | Dirtsage the Demonspawn Fighter began the quest for the
                  | Orb.
     0 | D:1      | Reached XP level 1. HP: 18/18 MP: 1/1
   148 | D:1      | Gained mutation: You regenerate a little health from kills.
                  | [demonic ancestry]
   148 | D:1      | Reached XP level 2. HP: 24/24 MP: 2/2
   926 | D:2      | Discovered your monstrous ancestry.
   926 | D:2      | Gained mutation: You have large cloven feet. [demonic
                  | ancestry]
   926 | D:2      | Reached XP level 3. HP: 14/29 MP: 3/3
  1052 | D:2      | Reached skill level 1 in Unarmed Combat
  1321 | D:2      | Reached skill level 2 in Unarmed Combat
  1321 | D:2      | Gained mutation: You regenerate health from kills. [demonic
                  | ancestry]
  1321 | D:2      | Reached XP level 4. HP: 35/35 MP: 4/4
  2002 | D:3      | Reached skill level 3 in Unarmed Combat
  2350 | D:4      | Noticed Edmund
  2358 | D:4      | Killed Edmund
  2359 | D:4      | Reached skill level 4 in Unarmed Combat
  2359 | D:4      | Gained mutation: You have sharp fingernails. [demonic
                  | ancestry]
  2359 | D:4      | Reached XP level 5. HP: 39/41 MP: 5/5
  2517 | D:4      | Noticed a black bear
  2543 | D:4      | Killed a black bear
  2544 | D:4      | Reached skill level 5 in Unarmed Combat
  2544 | D:4      | Reached XP level 6. HP: 35/47 MP: 6/6
  2599 | D:4      | Found Hiseas's Antique Armour Boutique.
  2603 | D:4      | Found Gimaahah's Book Boutique.
  2603 | D:4      | Found Huimit's Antique Armour Boutique.
  2604 | D:4      | Found Qejos's Magic Scroll Boutique.
  2608 | D:4      | Noticed Pikel
  2625 | D:4      | Slain by a lemure

Illustrated notes

Levels and vault maps discovered:
D:1:      dpeg_arrival_arbitrary_a, layout_loops_ring, hangedman_decor_points,
          minmay_tromino_v4_a
D:2:      layout_basic
D:3:      layout_rooms, grunt_ministairs_13
D:4:      layout_basic, mainiacjoe_overflow_alcove_4, minmay_shop_grid_forest,
          dilly_guarded_unrand_morg, uniq_edmund, uniq_pikel

Skill      XL: |  1  2  3  4  5 |
---------------+----------------+-----
Axes           | 2 3 |  3.2
Unarmed Combat | 2 4 5 |  5.2
Fighting       | |  3.0
Armour         | |  2.6
Shields        | |  2.6

Action                     |  1- 3 |  4- 6 || total
---------------------------+-------+-------++-------
  Melee: War axe           |    25 |       ||    25
         Hand axe          |    46 |    63 ||   109
         Kick              |     2 |    24 ||    26
         Unarmed           |       |    43 ||    43
    Use: Potion            |       |     1 ||     1
 Armour: Scale mail        |    27 |    33 ||    60
         Ring mail         |       |    26 ||    26
  Dodge: Dodged            |    13 |    50 ||    63
  Block: Buckler           |    14 |    25 ||    39

Table legend: (Time is in decaauts)
 A = Elapsed time spent in this place.
 B = Non-inter-level travel time spent in this place.
 C = Inter-level travel time spent in this place.
 D = Time resting spent in this place.
 E = Time spent auto-exploring this place.
 F = Levels seen in this place.
 G = Mean time per level.
                   A        B        C        D        E       F      G
               +--------+--------+--------+--------+--------+-----+--------+
         Total |   2652 |   2555 |     97 |     81 |   2014 |   4 |  663.0 |
       Dungeon |   2652 |   2555 |     97 |     81 |   2014 |   4 |  663.0 |
               +--------+--------+--------+--------+--------+-----+--------+

Top non-repeatable levels by time:
     D:2: 1031 daAuts
     D:1: 782 daAuts
     D:3: 539 daAuts
     D:4: 298 daAuts
